 Dungeon Crawl Stone Soup version 0.22.1-1-ga44c0e56f4 (webtiles) character file.

5704 Kaderl the Carver (level 10, -2/91 HPs)
             Began as a Hill Orc Fighter on Sept 27, 2018.
             Killed by divine providence
             ... invoked by an orc priest
              (16 damage)
             ... on level 9 of the Dungeon.
             The game lasted 00:24:37 (8164 turns).

Kaderl the Carver (Hill Orc Fighter)                Turns: 8164, Time: 00:24:38

Health: -2/91      AC: 12    Str: 28    XL:     10   Next: 76%
Magic:  14/14      EV: 10    Int:  8    God:
Gold:   595        SH:  0    Dex: 11    Spells: 15/15 levels left

rFire    . . .     SeeInvis .   m - +0 great sword
rCold    . . .     Gourm    +   (shield currently unavailable)
rNeg     + . .     Faith    .   s - +1 chain mail
rPois    .         Spirit   .   (no helmet)
rElec    .         Reflect  .   (no cloak)
rCorr    .         Harm     .   (no gloves)
MR       .....                  (no boots)
Stlth    ..........             n - amulet of the gourmand
HPRegen  0.25/turn              b - ring of positive energy
MPRegen  0.14/turn              o - +6 ring of strength

@: no status effects
A: no striking features
a: Convert to Beogh


You were on level 9 of the Dungeon.
You were not hungry.

You visited 2 branches of the dungeon, and saw 10 of its levels.

You collected 595 gold pieces.

Inventory:

Hand Weapons
 m - a +0 great sword (weapon)
Missiles
 a - a throwing net (quivered)
Armour
 s - a +1 chain mail (worn)
Jewellery
 b - a ring of positive energy (left hand)
 j - a +1 ring of evasion {unknown}
 n - an amulet of the gourmand (around neck)
 o - a +6 ring of strength (right hand)
 q - an uncursed ring of stealth {unknown}
 w - the ring of Neduol {Fire Int+3, unknown}
   (You found it on level 9 of the Dungeon)

   [ring of fire]

   It enhances your fire magic.
   It affects your intelligence (+3).
   It protects you from fire.
   It makes you vulnerable to cold.
Wands
 v - a wand of digging (19)
Scrolls
 d - a scroll of fear
 g - a scroll of amnesia
 h - 4 scrolls of teleportation
 u - a scroll of remove curse
Potions
 c - 3 potions of invisibility {unknown}
 e - 4 potions of lignification
 i - a potion of experience
 k - 3 potions of brilliance {unknown}
 l - 2 potions of haste {unknown}
 p - a potion of cancellation {unknown}
 t - a potion of flight {unknown}
Miscellaneous
 x - a lightning rod (2/4)
Comestibles
 f - 4 rations


   Skills:
 + Level 9.0 Fighting
 + Level 10.9 Long Blades
 + Level 3.6 Throwing
 + Level 8.5 Armour
 + Level 4.0 Dodging
 + Level 3.4 Stealth
   Level 4.5 Shields
 + Level 4.1 Unarmed Combat
 - Level 3.0 Spellcasting


You had 15 spell levels left.
You didn't know any spells.
Your spell library contained the following spells:

 Spells                   Type           Power        Failure   Level  Hunger
 Animate Skeleton         Necr           N/A          82%         1    ##.....
 Apportation              Tloc           #.....       82%         1    ##.....
 Confusing Touch          Hex            #.....       82%         1    ##.....
 Summon Small Mammal      Summ           #...         82%         1    ##.....


Dungeon Overview and Level Annotations

Branches:
Dungeon (9/15)             Temple (1/1) D:5
   Lair: D:8-11         Orc: D:9-12

Altars:
Ashenzari
Cheibriados
Dithmenos
Elyvilon
Fedhas
Gozag
Hepliaklqana
Kikubaaqudgha
Makhleb
Nemelex Xobeh
Okawaru
Qazlal
Ru
Sif Muna
Trog
Uskayaw
Vehumet
Wu Jian
Xom
Yredelemnul
Zin
The Shining One

Shops:
D:9 %

Annotations:
D:9 Grum


Message History

* * * LOW HITPOINT WARNING * * *
The orc priest barely misses you.
Things that are here:
a dagger; a leather armour You feel better.
The orc wizard hits you but does no damage.
The orc priest hits you but does no damage.
The orc hits you but does no damage.
You closely miss the orc priest. The orc wizard barely misses you.
The orc priest barely misses you. The orc closely misses you.
The orc priest shouts, "Beogh is our master!
Accept the truth or die!"
You closely miss the orc priest. The orc priest misses you.
You riposte.
You hit the orc priest.
The orc priest is moderately wounded.
The orc wizard barely misses you. The orc priest completely misses you.
The orc hits you but does no damage.
You closely miss the orc priest.
The orc priest invokes the aid of Beogh against you.
Beogh smites you!
You die...

#.......#..†....#
#...)############
#....'......
#....###########+##
####.# #..∩....#
.... #.# #.......#
...
#.######......o#
...
#......#....ooo#
#.. #########.# #@#
#.# ......# #.# #.#
#.# #####.###.# #.#
#.# #.....# #.# #.#
####### #.# #.# #.#
#.# #.# #.# #.# #.#
#.# #†#


You could see 2 orc priests, an orc wizard and an orc.

Vanquished Creatures
  Pikel (D:7)
  A hippogriff (D:9)
  The ghost of SaintSock the Digger, an amateur GrEE (D:4)
  A water moccasin (D:9)
  2 black bears (D:7)
  2 ice beasts
  3 slaves (D:7)
  2 orc warriors (D:6)
  3 sky beasts
  4 phantoms
  2 ogres
  A wolf (D:9)
  4 centaurs
  3 bullfrogs
  A water moccasin zombie (D:9)
  4 scorpions
  4 howler monkeys
  A crimson imp (D:5)
  A centaur zombie (D:5)
  5 hounds
  A bullfrog zombie (D:6)
  A jelly (D:7)
  A bullfrog skeleton (D:7)
  4 orc priests
  A centaur skeleton (D:9)
  2 orc wizards
  2 iguanas
  7 worker ants
  A hound zombie (D:6)
  6 adders
  2 river rats (D:4)
  3 shadow imps (D:5)
  2 oozes (D:4)
  An adder skeleton (D:3)
  3 worms
  5 dart slugs
  4 leopard geckos
  19 orcs
  8 giant cockroaches
  7 goblins
  10 hobgoblins
  9 jackals
  8 kobolds
  2 ball pythons
  8 bats
  4 frilled lizards
  A giant cockroach zombie (D:6)
  A leopard gecko skeleton (D:4)
  A leopard gecko zombie (D:5)
  6 rats
  A butterfly (D:5)
177 creatures vanquished.

Notes
Turn   | Place    | Note
-------+----------+-------------------------------------------
     0 | D:1      | Kaderl the Hill Orc Fighter began the quest for the Orb.
     0 | D:1      | Reached XP level 1. HP: 19/19 MP: 1/1
   108 | D:1      | Reached XP level 2. HP: 15/27 MP: 2/2
   262 | D:1      | Reached XP level 3. HP: 31/33 MP: 3/3
   874 | D:2      | Reached XP level 4. HP: 36/40 MP: 4/4
  1028 | D:2      | Reached skill level 3 in Long Blades
  1126 | D:2      | Reached skill level 1 in Dodging
  2085 | D:4      | Reached XP level 5. HP: 34/46 MP: 5/5
  2134 | D:4      | Found a runed door.
  2136 | D:4      | Noticed SaintSock's ghost (amateur GrEE)
  2633 | D:4      | Found a runed door.
  2755 | D:4      | Reached skill level 4 in Long Blades
  2775 | D:4      | Reached XP level 6. HP: 37/53 MP: 6/6
  3378 | D:5      | Entered Level 5 of the Dungeon
  3380 | D:5      | Noticed an ice beast
  3395 | D:5      | Killed an ice beast
  3481 | D:5      | Found a staircase to the Ecumenical Temple.
  3670 | Temple   | Entered the Ecumenical Temple
  3834 | D:5      | Reached skill level 5 in Long Blades
  3837 | D:5      | Reached XP level 7. HP: 51/60 MP: 7/7
  3979 | D:5      | Reached skill level 5 in Fighting
  4028 | D:5      | Reached skill level 5 in Armour
  4373 | D:5      | Reached skill level 6 in Long Blades
  4654 | D:6      | Reached XP level 8. HP: 34/70 MP: 8/8
  4922 | D:6      | Found a glowing silver altar of Zin.
  4946 | D:7      | Reached skill level 7 in Long Blades
  5206 | D:7      | Found Jiczopp's Weapon Shoppe.
  5455 | D:6      | Reached skill level 8 in Long Blades
  5947 | D:5      | Reached skill level 9 in Long Blades
  5947 | D:5      | Reached XP level 9. HP: 82/82 MP: 8/13
  6184 | D:6      | Reached XP level 10. HP: 67/89 MP: 14/14
  6282 | D:7      | Noticed Pikel
  6839 | D:6      | Found a shadowy altar of Dithmenos.
  6869 | D:6      | Reached skill level 10 in Long Blades
  7346 | D:7      | Killed Pikel
  7657 | D:4      | Killed SaintSock's ghost
  8042 | D:9      | Got a glittering tin ring
  8101 | D:9      | Noticed Grum
  8159 | D:9      | Found Loteras's Food Shoppe.
  8164 | D:9      | Killed from afar by an orc priest

Skill      XL: |  1  2  3  4  5  6  7  8  9 10 |
---------------+-------------------------------+-----
Fighting       | 4 6 8 9 |  9.0
Long Blades    | 3 4 5 6 9 10 | 10.9
Shields        | 4 |  4.5
Dodging        | 1 3 4 |  4.0
Armour         | 4 5 7 8 |  8.5
Throwing       | 3 |  3.6
Stealth        | 3 |  3.4
Unarmed Combat | 4 |  4.1
Spellcasting   | 3 |  3.0

Action                   |  1- 3 |  4- 6 |  7- 9 | 10-12 || total
-------------------------+-------+-------+-------+-------++-------
Melee: Long sword        |    73 |   197 |       |       ||   270
       Great sword       |       |    17 |   195 |   180 ||   392
Evoke: Lightning rod     |       |       |       |     2 ||     2
  Use: Scroll            |     2 |     8 |     7 |     2 ||    19
       Potion            |       |     2 |     3 |     2 ||     7
  Eat: Ration            |       |     3 |     3 |     2 ||     8
Armor: Scale mail        |    32 |    78 |       |       ||   110
       Chain mail        |       |    18 |   119 |   108 ||   245
Dodge: Dodged            |    17 |    65 |   110 |    99 ||   291
Block: Shield            |    32 |   106 |       |       ||   138
       Rpst.: Long sword |     7 |    20 |       |       ||    27
       Great sword       |       |     1 |    31 |    28 ||    60
